 Dungeon Crawl Stone Soup version 0.29.1-4-g47bece8355 (webtiles) character file.

Game seed: 5999546204813194657

628 ChadusMaximus the Caller (level 7, -1/46 HPs)
             Began as a Human Summoner on Dec 8, 2022.
             Slain by an iguana (14 damage)
             ... on level 5 of the Dungeon.
             The game lasted 00:09:17 (6638 turns).

ChadusMaximus the Caller (Human Summoner)           Turns: 6638, Time: 00:09:18

Health: -1/46      AC:  2    Str:  9    XL:     7   Next: 77%
Magic:  6/13       EV: 12    Int: 17    God:
Gold:   202        SH:  0    Dex: 19    Spells: 5/15 levels left

rFire   . . .      SeeInvis .   t - +0 hand axe (freeze)
rCold   . . .      Faith    .   (no shield)
rNeg    . . .      Spirit   .   a - +0 robe
rPois   .          Reflect  .   (no helmet)
rElec   .          Harm     .   (no cloak)
rCorr   .          Rampage  .   (no gloves)
Will    .....                   (no boots)
Stlth   ++........              (no amulet)
HPRegen 0.15/turn               z - +6 ring of dexterity
MPRegen 0.13/turn               (no ring)

@: no status effects
A: no striking features
a: no special abilities


You were on level 5 of the Dungeon.
You visited 1 branch of the dungeon, and saw 5 of its levels.
You also visited: Sewer.

You collected 202 gold pieces.

Inventory:

Hand Weapons
 t - a +0 hand axe of freezing (weapon)
Armour
 a - a +0 robe (worn)
Magical Staves
 n - a staff of cold
Jewellery
 z - a +6 ring of dexterity (left hand)
Wands
 k - a wand of flame (10)
 s - a wand of roots (2)
Scrolls
 b - a scroll of noise
 d - 5 scrolls of teleportation
 e - a scroll of silence
 j - 2 scrolls of poison
 m - 3 scrolls of vulnerability
 o - 3 scrolls of identify
 w - a scroll of brand weapon {unknown}
 x - a scroll of immolation {unknown}
 y - a scroll of acquirement {unknown}
Potions
 f - a potion of degeneration {unknown}
 g - 2 potions of flight {unknown}
 h - 2 potions of haste {unknown}
 i - 2 potions of curing
 p - 2 potions of mutation {unknown}
 q - 2 potions of heal wounds {unknown}
 r - a potion of might {unknown}
 u - 3 potions of berserk rage {unknown}


   Skills:
 - Level 2.0 Dodging
 - Level 2.0 Stealth
 + Level 4.5 Spellcasting
 * Level 7.5 Summonings


You had 5 spell levels left.
You knew the following spells:

 Your Spells              Type           Power      Damage    Failure   Level
a - Summon Small Mammal   Summ           100%       N/A       1%          1
b - Call Canine Familiar  Summ           29%        N/A       1%          3
c - Call Imp              Summ           29%        N/A       1%          2
d - Summon Lightning Spi  Summ/Air       16%        N/A       30%         4

Your spell library contained the following spells:

 Spells                   Type           Power      Damage    Failure   Level
 Summon Guardian Golem    Hex/Summ       16%        N/A       10%         3
 Ensorcelled Hibernation  Hex/Ice        6%         N/A       22%         2
 Gell's Gravitas          Tloc           3%         N/A       41%         3
 Spider Form              Tmut/Pois      3%         N/A       41%         3
 Teleport Other           Tloc           3%         N/A       41%         3
 Anguish                  Hex/Necr       1%         N/A       83%         4
 Dispersal                Tloc           1%         N/A       100%        6


Dungeon Overview and Level Annotations

Branches:
Dungeon (5/15)              Sewer (visited)
 Temple: D:4-7

Altars:
Cheibriados
Gozag
Hepliaklqana
Makhleb
Qazlal
Uskayaw
Zin


Message History

Your hound disappears in a puff of smoke!
No target in view!
Found a flail.
g - 2 black potions (gained 1) No target in view!
There is a stone staircase leading down here.
o - 3 scrolls of identify (gained 1)
You now have 202 gold pieces (gained 7).
An iguana comes into view.
Found an escape hatch in the floor.
An iguana is nearby!
An iguana is nearby!
The iguana bites you.
You hit the iguana but do no damage. The iguana bites you.
An iguana is nearby!
You hit the iguana but do no damage. The iguana bites you! x2
Casting: Call Canine Familiar (safe; 1% risk of failure)
Confirm with . or Enter, or press ? or * to list all spells.
The iguana bites you!
You swap places.
Your hound barely misses the iguana.
The iguana bites your hound!
Your hound dies!
Your hound's corpse disappears in a puff of smoke!
Casting: Call Canine Familiar (safe; 1% risk of failure)
Confirm with . or Enter, or press ? or * to list all spells.
A beastly little devil appears in a puff of frigid air.
Casting: Call Imp (safe; 1% risk of failure)
Confirm with . or Enter, or press ? or * to list all spells.
The iguana bites you.
* * * LOW HITPOINT WARNING * * *
You swap places.
Your hound closely misses the iguana.
The iguana bites your white imp.
Your white imp hits the iguana.
Your white imp freezes the iguana.
Your hound barely misses the iguana.
The iguana bites your white imp!
Your white imp dies!
Your white imp disappears in a puff of smoke!
Your hound bites the iguana.
Your hound bites the iguana but does no damage.
The iguana attacks as you move away! The iguana bites you!
You die...

#.#####.##.# #.#
#.##.# #.# #.##)#
#####.#####.##.#
............#
######.....#####
#...........#####.###
##................
#@#...#.#####.###
#l##.#.## #.###.##
#h# ### ..> ##...
###.. ..# ..#


You could see an iguana (ally target) and a friendly hound (summoned).

Vanquished Creatures
  2 hounds (D:4)
  Natasha (twice) (D:3)
  An adder (D:3)
  A river rat (Sewer)
  A dart slug (D:1)
  6 ball pythons
  6 bats
  2 endoplasms
  A giant cockroach (D:1)
  3 goblins
  5 hobgoblins
  3 kobolds
  2 quokkas
  2 frilled lizards
  3 rats
40 creatures vanquished.

Vanquished Creatures (collateral kills)
  2 kobold brigands (Sewer)
  3 hounds
  Crazy Yiuf (D:2)
  Jessica (D:2)
  Natasha (D:3)
  4 gnolls (D:3)
  4 adders
  A river rat (Sewer)
  6 worms
  A dart slug (D:5)
  5 orcs
  4 endoplasms
  3 giant cockroaches
  6 goblins
  2 hobgoblins
  4 jackals (D:1)
  4 ball pythons
  A bat (D:1)
  3 frilled lizards
  8 kobolds
  6 rats
70 creatures vanquished.

Vanquished Creatures (others)
  A plant (D:1)
1 creature vanquished.

Grand Total: 111 creatures vanquished

Notes
Turn   | Place    | Note
-------+----------+-------------------------------------------
     0 | D:1      | ChadusMaximus the Human Summoner began the quest for the
                  | Orb.
     0 | D:1      | Reached XP level 1. HP: 13/13 MP: 3/3
   125 | D:1      | Reached XP level 2. HP: 14/19 MP: 3/5
   703 | D:1      | Reached XP level 3. HP: 15/24 MP: 3/6
   849 | D:1      | Learned a level 3 spell: Call Canine Familiar
   852 | D:1      | Learned a level 2 spell: Call Imp
  1706 | D:2      | Noticed Jessica
  1713 | D:2      | Killed Jessica
  1714 | D:2      | Reached skill level 5 in Summonings
  1714 | D:2      | Reached XP level 4. HP: 30/30 MP: 1/8
  1901 | D:2      | Found a runed translucent door.
  1902 | D:2      | Noticed Crazy Yiuf
  2114 | D:2      | Killed Crazy Yiuf
  2241 | D:2      | Reached XP level 5. HP: 35/35 MP: 9/9
  2322 | D:2      | Learned a level 4 spell: Summon Lightning Spire
  3177 | D:3      | Noticed Natasha
  3184 | D:3      | Killed Natasha
  3295 | D:3      | Noticed Natasha
  3302 | D:3      | Killed Natasha
  3328 | D:3      | Found a glowing drain.
  3336 | D:3      | Reached XP level 6. HP: 35/41 MP: 8/11
  3342 | Sewer    | Entered a sewer
  3356 | Sewer    | Reached skill level 6 in Summonings
  4193 | Sewer    | Reached XP level 7. HP: 41/46 MP: 2/13
  4469 | D:3      | Noticed Natasha
  4493 | D:3      | Killed Natasha
  4933 | D:3      | Reached skill level 7 in Summonings
  5646 | D:4      | Found a hazy altar of Hepliaklqana.
  5653 | D:4      | Found a snail-covered altar of Cheibriados.
  5661 | D:4      | Found a burning altar of Makhleb.
  5668 | D:4      | Found a stormy altar of Qazlal.
  5676 | D:4      | Found a glowing silver altar of Zin.
  5684 | D:4      | Found a hide-covered altar of Uskayaw.
  5689 | D:4      | Found an opulent altar of Gozag.
  6281 | D:5      | Entered Level 5 of the Dungeon
  6638 | D:5      | Slain by an iguana

Illustrated notes

Levels and vault maps discovered:
D:1:      psy_arrival_conway, layout_basic
D:2:      kennysheep_big_flooded_room, layout_basic, uniq_jessica,
          uniq_crazy_yiuf_cottage
D:3:      layout_rooms, cheibrodos_sewer_entry_bend, uniq_natasha
D:4:      layout_basic, grunt_temple_overflow_octagram
D:5:      layout_loops_ring, nicolae_wu_jian_immortal_techniques,
          gammafunk_ghost_necromancy, minmay_misc_feat_roman, patterned_corridor

Skill      XL: |  1  2  3  4  5  6  7 |
---------------+----------------------+-----
Summonings     | 5 6 7 |  7.5
Spellcasting   | 3 4 |  4.5
Dodging        | |  2.0
Stealth        | |  2.0

Action                   |  1- 3 |  4- 6 |  7- 9 || total
-------------------------+-------+-------+-------++-------
Melee: Unarmed           |    34 |       |       ||    34
       Short sword       |    67 |   106 |     5 ||   178
       Hand axe          |       |       |    53 ||    53
 Cast: Summon Small Mamm |    29 |    13 |     5 ||    47
       Call Canine Famil |     2 |    23 |    17 ||    42
       Call Imp          |     1 |    10 |    10 ||    21
  Use: Potion            |     1 |     2 |       ||     3
       Scroll            |       |     5 |       ||     5
 Stab: Sleeping          |     1 |     2 |     1 ||     4
       Distracted        |       |     2 |       ||     2
Armor: Robe              |    31 |    18 |    11 ||    60
       Skin              |       |    17 |       ||    17
Dodge: Dodged            |   102 |    50 |    49 ||   201
